 Dungeon Crawl Stone Soup version 0.16.1-17-g773cdaf (webtiles) character file.

270 Shoikan the Basher (level 6, -11/51 HPs)
             Began as a Minotaur Berserker on Apr 21, 2015.
             Was a Believer of Trog.
             Mangled by Prince Ribbit (17 damage)
             ... on level 4 of the Dungeon.
             The game lasted 00:08:40 (2637 turns).

Shoikan the Basher (Minotaur Berserker)             Turns: 2637, Time: 00:08:40

Health: -11/51     AC:  6    Str: 21    XL:     6   Next: 1%
Magic:  3/3        EV: 11    Int:  6    God:    Trog [**....]
Gold:   123        SH:  0    Dex: 10    Spells: 0 memorised, 5 levels left

rFire  . . .     SeeInvis .     a - +0 mace
rCold  . . .     Clarity  .     g - +0 ring mail
rNeg   . . .     SustAb   .     (no shield)
rPois  +         Gourm    .     (helmet restricted)
rElec  .         Spirit   .     (no cloak)
rCorr  .         Warding  .     l - +0 pair of gloves
rMut   .         Stasis   .     (no boots)
MR     .....                    (no amulet)
Stlth  ..........               (no ring)
                                f - ring of poison resistance

@: not resistant to hostile enchantments, extremely unstealthy
A: retaliatory headbutt, horns 2
a: Burn Spellbooks, Berserk, Trog's Hand, Renounce Religion


You were on level 4 of the Dungeon.
You worshipped Trog.
Trog was pleased with you.
You were very hungry.

You visited 1 branch of the dungeon, and saw 4 of its levels.

You collected 123 gold pieces.

Inventory:

Hand weapons
 a - a +0 mace (weapon)
Armour
 g - a +0 ring mail (worn)
 l - a +0 pair of gloves (worn)
Jewellery
 f - a ring of poison resistance (left hand)
 p - a +4 ring of intelligence {unknown}
Scrolls
 d - 2 scrolls of blinking {unknown}
 h - a scroll of amnesia {unknown}
 j - a scroll of identify {unknown}
 k - a scroll of teleportation {unknown}
 n - a scroll of magic mapping {unknown}
Potions
 b - a potion of heal wounds {unknown}
 e - a potion of restore abilities {unknown}
 m - a potion of cure mutation {unknown}
 o - a potion of curing {unknown}
 q - a potion of might {unknown}
 r - a potion of berserk rage {unknown}
Comestibles
 c - 3 bread rations
 i - a beef jerky


   Skills:
 - Level 3.6 Fighting
 + Level 8.1 Maces & Flails
 - Level 2.4 Armour
 - Level 2.1 Dodging


You had 5 spell levels left.
You didn't know any spells.

Dungeon Overview and Level Annotations

Branches:
Dungeon (4/15)
 Temple: D:4-7

Altars:
Elyvilon
Gozag
Kikubaaqudgha
Okawaru
Sif Muna
Yredelemnul

Annotations:
D:4 Prince Ribbit


Innate Abilities, Weirdness & Mutations

You reflexively headbutt those who attack you in melee.
You have a pair of horns on your head.


Message History

The quokka bites you.
The quokka bites you but does no damage.
You miss the quokka.
The quokka is heavily wounded.
Prince Ribbit hits you!
Prince Ribbit lets out a mournful croak.
Prince Ribbit closely misses you. The quokka closely misses you.
You furiously retaliate!
You headbutt the quokka. You closely miss the quokka.
The quokka is severely wounded.
Prince Ribbit hits you but does no damage.
The quokka misses you. You furiously retaliate!
You headbutt the quokka.
You kill the quokka!
Trog accepts your kill.
You hit Prince Ribbit but do no damage. Your headbutt misses Prince Ribbit.
Prince Ribbit hits you! x2
* * * LOW HITPOINT WARNING * * *
There is a stone staircase leading up, spattered with blood here.
Prince Ribbit hits you!
You die...

......# ..... ......# .....#
......# .....# ......#
.....#
.(....###########.....#
................†.....#
..................#
#..#...........)F.# ##+####
#...............@.####.....#
.......######.......##.....+
..#....# ##.####.##.....####
###....# #.# #.##........#
..#..... #.# .'......# #.#
.... ####.# ####......# #
#....# #..)....(.# #.####
#.#####...# #.#######.# ..#


You could see Prince Ribbit.

Vanquished Creatures
  2 ogres (D:4)
  A worker ant (D:4)
  2 adders
  2 giant geckos
  2 oozes
  5 giant cockroaches
  3 goblins
  6 hobgoblins
  3 jackals (D:2)
  3 kobolds
  2 quokkas
  11 bats
  2 giant newts (D:1)
  4 rats
48 creatures vanquished.

Notes
Turn   | Place    | Note
--------------------------------------------------------------
     0 | D:1      | Shoikan, the Minotaur Berserker, began the quest for the Orb.
     0 | D:1      | Reached XP level 1. HP: 19/19 MP: 1/1
   225 | D:1      | Reached skill level 4 in Maces & Flails
   385 | D:1      | Reached XP level 2. HP: 23/26 MP: 1/1
   803 | D:2      | Acquired Trog's second power
   924 | D:2      | Reached skill level 5 in Maces & Flails
  1001 | D:2      | Reached XP level 3. HP: 25/31 MP: 2/2
  1792 | D:3      | Found a white marble altar of Elyvilon.
  1792 | D:3      | Found a basalt altar of Yredelemnul.
  1794 | D:3      | Found an ancient bone altar of Kikubaaqudgha.
  1795 | D:3      | Found an opulent altar of Gozag.
  1803 | D:3      | Found a deep blue altar of Sif Muna.
  1803 | D:3      | Found an iron altar of Okawaru.
  1952 | D:4      | Reached skill level 6 in Maces & Flails
  1952 | D:4      | Reached XP level 4. HP: 26/39 MP: 2/2
  2072 | D:4      | Noticed an ogre
  2077 | D:4      | Noticed an ogre
  2090 | D:4      | Killed an ogre
  2090 | D:4      | Reached skill level 7 in Maces & Flails
  2090 | D:4      | Reached XP level 5. HP: 15/45 MP: 2/2
  2430 | D:4      | Killed an ogre
  2430 | D:4      | Reached skill level 8 in Maces & Flails
  2430 | D:4      | Reached XP level 6. HP: 17/51 MP: 3/3
  2628 | D:4      | Noticed Prince Ribbit
  2637 | D:4      | Mangled by Prince Ribbit

Action                   |  1- 3 |  4- 6 || total
-------------------------+-------+-------++-------
Melee: Mace              |    87 |    29 ||   116
Invok: Trog's Hand       |       |     1 ||     1
  Eat: Chunk             |     3 |     1 ||     4
